 Seeded DCSS version 0.28-a0-957-g42eb19b844 (webtiles) character file.

Game seed: 20211205 (custom seed)

74 a11behringer the Shield-Bearer (level 4, -1/37 HPs)
             Began as a Formicid Fighter on Dec 1, 2021.
             Slain by an adder (3 damage)
             ... on level 3 of the Dungeon.
             The game lasted 00:06:05 (2650 turns).

a11behringer the Shield-Bearer (Formicid Fighter)   Turns: 2650, Time: 00:06:06

Health: -1/37      AC:  9    Str: 22    XL:     4   Next: 52%
Magic:  4/4        EV:  8    Int:  8    God:
Gold:   134        SH:  4    Dex: 10    Spells: 3/3 levels left

rFire   . . .      SeeInvis +   a - +0 war axe
rCold   . . .      Faith    .   c - +0 buckler
rNeg    . . .      Spirit   .   f - +0 chain mail
rPois   .          Reflect  .   (helmet unavailable)
rElec   .          Harm     .   (no cloak)
rCorr   .          Rampage  .   (no gloves)
Will    .....                   (no boots)
Stlth   ..........              (no amulet)
HPRegen 0.12/turn               (no ring)
MPRegen 0.09/turn               (no ring)

@: no status effects
A: permanent stasis, dig shafts and tunnels, antennae 3, four strong arms
a: Dig, Shaft Self


You were on level 3 of the Dungeon.
You visited 1 branch of the dungeon, and saw 3 of its levels.

You collected 134 gold pieces.

Inventory:

Hand Weapons
 a - a +0 war axe (weapon)
 e - a +2 vampiric whip
 l - a +1 vampiric spear
Missiles
 j - 19 sling bullets
Armour
 b - a +0 scale mail
 c - a +0 buckler (worn)
 f - a +0 chain mail (worn)
Scrolls
 g - 5 scrolls of identify {unknown}
 h - a scroll of teleportation {unknown}
 m - a scroll of noise {unknown}
Potions
 d - a potion of might
 i - 2 potions of cancellation {unknown}
 k - a potion of mutation {unknown}


   Skills:
 + Level 3.7 Fighting
 * Level 3.2 Axes
 + Level 3.8 Armour
 + Level 0.5 Dodging
 + Level 3.9 Shields


You had 3 spell levels left.
You didn't know any spells.
Your spell library was empty.

Dungeon Overview and Level Annotations

Branches:
Dungeon (3/15)

Altars:

Shops:
D:1 !


Innate Abilities, Weirdness & Mutations

You cannot be hasted, slowed, berserked, paralysed or teleported.
You can dig through walls and to a lower floor.
You have a pair of large antennae on your head. (SInv)
Your four strong arms can wield two-handed weapons with a shield.


Message History

You barely miss the adder. You block the adder's attack.
The adder bites you but does no damage.
You barely miss the adder. The adder bites you.
You are too injured to fight recklessly!
You are too injured to fight recklessly!
You are too injured to fight recklessly!
You are too injured to fight recklessly!
You are too injured to fight recklessly!
You are too injured to fight recklessly!
You miss the adder. You block the adder's attack. x2
You barely miss the adder. The adder bites you.
You are poisoned.
The adder poisons you! The adder bites you but does no damage.
You hit the adder.
The adder is heavily wounded.
You feel sick. The adder misses you. The adder bites you.
You barely miss the adder.
The adder is heavily wounded.
You feel sick. The adder bites you.
* * * LOW HITPOINT WARNING * * *
You barely miss the adder.
The adder is heavily wounded.
You feel sick. The adder barely misses you. The adder bites you.
* * * LOW HITPOINT WARNING * * *
You closely miss the adder.
The adder is heavily wounded.
You feel sick.
The adder bites you but does no damage. x2
You closely miss the adder.
The adder is heavily wounded.
You feel sick.
You are no longer poisoned.
The adder bites you.
* * * LOW HITPOINT WARNING * * *
You completely miss the adder.
The adder is heavily wounded.
The adder barely misses you. x2
You barely miss the adder.
The adder is heavily wounded.
The adder closely misses you. The adder bites you.
You die...

#....... ...
....?# #.......
.. ..... #.......
.. .... #.......
#. ... #.......
#.#.. #.......
.S. #.......
#S#+# ####.###
#@#.# #.### #.).#
######.... ##..#
#...###... #..#
#.#.# #.##
#..#####.#.###.##
#.>....†.#.#...##
##########.##.###
#.........#
#......####


You could see an adder and a ball python.

Vanquished Creatures
  2 adders (D:3)
  A worm (D:2)
  A dart slug (D:1)
  2 bats
  4 endoplasms
  3 giant cockroaches
  3 goblins (D:1)
  7 hobgoblins
  7 jackals (D:1)
  3 quokkas
  5 ball pythons
  A frilled lizard (D:1)
  4 kobolds
  A rat (D:1)
44 creatures vanquished.

Notes
Turn   | Place    | Note
-------+----------+-------------------------------------------
     0 | D:1      | a11behringer the Formicid Fighter began the quest for the
                  | Orb.
     0 | D:1      | Reached XP level 1. HP: 18/18 MP: 1/1
   227 | D:1      | Reached XP level 2. HP: 15/24 MP: 2/2
   393 | D:1      | Found a faded altar of an unknown god.
   679 | D:1      | Reached XP level 3. HP: 26/29 MP: 3/3
   766 | D:1      | Found Gubreqen's Distillery.
  2392 | D:3      | Reached XP level 4. HP: 31/37 MP: 4/4
  2650 | D:3      | Slain by an adder

Illustrated notes

Levels and vault maps discovered:
D:1:      lightli_iron_boxes, layout_basic,
          hellmonk_ecumenical_altar_slurped_away, serial_shops,
          nicolae_shop_waterfront, chequers_serial_rivers_large_a,
          patterned_corridor
D:2:      layout_loops_cross, minmay_hedge_maze, chequers_jeans,
          grunt_decor_clamped
D:3:      layout_basic

Skill      XL: |  1  2  3 |
---------------+----------+-----
Axes           | 3 |  3.2
Fighting       | |  3.7
Armour         | |  3.8
Dodging        | |  0.5
Shields        | |  3.9

Action                   |  1- 3 |  4- 6 || total
-------------------------+-------+-------++-------
Melee: War axe           |   100 |    37 ||   137
 Abil: Dig               |     2 |       ||     2
Armor: Chain mail        |    50 |    19 ||    69
       Scale mail        |     5 |       ||     5
Dodge: Dodged            |    32 |    16 ||    48
Block: Buckler           |    24 |    10 ||    34

Table legend: (Time is in decaauts)
 A = Elapsed time spent in this place.
 B = Non-inter-level travel time spent in this place.
 C = Inter-level travel time spent in this place.
 D = Time resting spent in this place.
 E = Time spent auto-exploring this place.
 F = Levels seen in this place.
 G = Mean time per level.
                   A        B        C        D        E       F      G
               +--------+--------+--------+--------+--------+-----+--------+
         Total |   2710 |   2421 |    289 |      0 |   2076 |   3 |  903.3 |
       Dungeon |   2710 |   2421 |    289 |      0 |   2076 |   3 |  903.3 |
               +--------+--------+--------+--------+--------+-----+--------+

Top non-repeatable levels by time:
     D:1: 1701 daAuts
     D:2: 697 daAuts
     D:3: 311 daAuts
